 Dungeon Crawl Stone Soup version 0.20.1-1-g8b1a95d (webtiles) character file.

112 Rozenbaumfricks the Skirmisher (level 4, -1/36 HPs)
             Began as a Demonspawn Fighter on Oct 15, 2017.
             Killed by divine providence
             ... invoked by an orc priest
              (14 damage)
             ... on level 3 of the Dungeon.
             The game lasted 00:04:45 (1996 turns).

Rozenbaumfricks the Skirmisher (Demonspawn Fighter) Turns: 1996, Time: 00:04:46

Health: -1/36      AC: 11    Str: 17    XL:     4   Next: 63%
Magic:  13/13      EV:  3    Int: 10    God:
Gold:   115        SH: 13    Dex: 12    Spells: 3/3 levels left

rFire    . . .     SeeInvis .   a - +0 long sword
rCold    . . .     Gourm    .   c - +0 shield
rNeg     . . .     Faith    .   l - +0 plate armour
rPois    .         Spirit   .   (helmet restricted)
rElec    .         Reflect  .   (no cloak)
rCorr    .         Harm     .   (no gloves)
MR       .....                  (no boots)
Stlth    ..........             (no amulet)
Regen    0.2/turn               n - ring of magical power
MPRegen  0.2/turn               (no ring)

@: no status effects
A: horns 1, large bone plates 1, powered by pain 1
a: no special abilities


You were on level 3 of the Dungeon.
You were hungry.

You visited 1 branch of the dungeon, and saw 3 of its levels.

You collected 115 gold pieces.

Inventory:

Hand Weapons
 a - a +0 long sword (weapon)
Armour
 c - a +0 shield (worn)
 l - a +0 plate armour (worn)
Jewellery
 n - a ring of magical power (left hand)
Scrolls
 e - a scroll of noise {unknown}
 i - 2 scrolls of teleportation {unknown}
 j - a scroll of blinking {unknown}
 m - 2 scrolls of remove curse {unknown}
 o - a scroll of amnesia
 q - a scroll of recharging
Potions
 d - a potion of might
 g - 3 potions of lignification {unknown}
 k - 3 potions of agility {unknown}
 p - a potion of magic
Comestibles
 b - 2 meat rations
 f - 3 bread rations
 h - a royal jelly


   Skills:
 + Level 3.6 Fighting
 + Level 2.8 Long Blades
 + Level 3.3 Armour
 + Level 0.6 Dodging
 + Level 3.2 Shields


You had 3 spell levels left.
You didn't know any spells.

Dungeon Overview and Level Annotations

Branches:
Dungeon (3/15)

Altars:


Innate Abilities, Weirdness & Mutations

You have a pair of small horns on your head.
You are partially covered in large bone plates. (SH +4)
You sometimes gain a little power by taking damage.


Message History

The orc priest calls down the wrath of Beogh upon you.
Beogh smites you! The orc hits you but does no damage.
You barely miss the orc priest.
The orc priest is almost dead.
The orc barely misses you. You block the rat's attack.
You block the orc's attack. The orc hits you but does no damage.
The orc priest completely misses you. The orc hits you with a hand axe.
The orc hits you but does no damage. The rat barely misses you.
You riposte.
You closely miss the rat. The rat bites you.
Your plate armour prevents you from hitting the orc priest.
The orc priest is almost dead.
The orc hits you but does no damage. You block the orc's attack.
You block the orc priest's attack. The orc barely misses you.
The orc hits you but does no damage. The rat bites you but does no damage.
You block the rat's attack. The orc hits you but does no damage.
The orc priest hits you with a spear. The orc hits you but does no damage.
You block the orc's attack.
The orc priest mumbles some strange prayers to Beogh against you.
Beogh smites you!
You die...

## ###)##...##..#. .
##)####.###.#. #. #..#
#.# #... #.##.## #.#####.
#....# #..##...
######..######....#.
#.......)..###..# #.
##.#o.##......#..###.
#####.o.@######.)).......
......roo# ##.##...##.
......o.r# #....#...#
.........# ####..####.#
.........# #.....# #..
..)......# #.###.## ##.
.........# # #..# #.
.........# ##.# ##
.........# #.## #


You could see an orc priest, 4 orcs and 2 rats.

Vanquished Creatures
  3 gnolls (D:3)
  2 adders (D:3)
  An ooze (D:1)
  2 worms (D:2)
  4 dart slugs
  2 leopard geckos
  2 orcs (D:3)
  A ball python (D:2)
  9 bats
  2 giant cockroaches
  2 hobgoblins (D:3)
  5 frilled lizards
  3 goblins
  5 kobolds
  5 rats
48 creatures vanquished.

Notes
Turn   | Place    | Note
-------+----------+-------------------------------------------
     0 | D:1      | Rozenbaumfricks the Demonspawn Fighter began the quest for the Orb.
     0 | D:1      | Reached XP level 1. HP: 18/18 MP: 1/1
   225 | D:1      | Gained mutation: You have a pair of small horns on your head. [demonic ancestry]
   225 | D:1      | Reached XP level 2. HP: 19/24 MP: 2/2
   958 | D:2      | Gained mutation: You sometimes gain a little power by taking damage. [demonic ancestry]
   958 | D:2      | Reached XP level 3. HP: 26/29 MP: 3/3
  1624 | D:3      | Gained mutation: You are partially covered in large bone plates. (SH +4) [demonic ancestry]
  1624 | D:3      | Reached XP level 4. HP: 35/35 MP: 4/4
  1996 | D:3      | Killed from afar by an orc priest

Skill      XL: |  1  2  3 |
---------------+----------+-----
Long Blades    | 2 |  2.8
Shields        | 3 |  3.2
Armour         | 3 |  3.3
Fighting       | |  3.6
Dodging        | |  0.6

Action                   |  1- 3 |  4- 6 || total
-------------------------+-------+-------++-------
Melee: Long sword        |   120 |    35 ||   155
       Headbutt          |    17 |     7 ||    24
  Use: Scroll            |     3 |       ||     3
  Eat: Chunk             |     2 |     1 ||     3
Armor: Scale mail        |    44 |       ||    44
       Plate armour      |    43 |    47 ||    90
Dodge: Dodged            |    27 |    10 ||    37
Block: Shield            |    62 |    49 ||   111
       Rpst.: Long sword |    10 |     2 ||    12
